[Event "Titled Tuesday Blitz April 26 Early 2022"]
[White "Martin Carmona, Gaston Manuel"]
[Black "Lopez, Henry"]
[WhiteFideId "22284567"]
[BlackFideId "5203830"]
[WhiteElo "2146"]
[BlackElo "2177"]
[Result "1-0"]
[Round "06"]
[TimeControl "180+1"]
[Date "2022.04.26"]
[WhiteClock "0:00:31"]
[BlackClock "0:00:03"]

1. d4 Nf6 2. Nf3 d5 3. c4 c6 4. Nc3 dxc4 5. a4 Bf5 6. e3 e6 7. Bxc4 Bb4 8. O-O Nbd7 9. Qe2 O-O 10. e4 Bg4 11. h3 Bh5 12. Bd3 Re8 13. e5 Nd5 14. Nxd5 cxd5 15. Qe3 Bg6 16. Bxg6 fxg6 17. h4 Rc8 18. Ng5 Nf8 19. Qf3 Qe7 20. h5 gxh5 21. Qxh5 h6 22. Nh3 Qf7 23. Qg4 Ng6 24. Be3 a6 25. Rac1 Qf5 26. Qxf5 exf5 27. f3 Kf7 28. Kf2 Ke6 29. Ke2 Be7 30. Kd3 Rf8 31. Bf4 Rfd8 32. Bd2 Rf8 33. g3 Kd7 34. a5 Rxc1 35. Rxc1 Rc8 36. Ra1 Rc4 37. b3 Rc6 38. Rg1 Ke6 39. g4 fxg4 40. Rxg4 Kf7 41. f4 Nh4 42. Ng1 Nf5 43. Nf3 Rc8 44. Rg1 g6 45. Be1 Rg8 46. Bd2 Ke6 47. Rc1 Kd7 48. e6+ Kxe6 49. Rc7 Rb8 50. Ne5 Bd6 51. Rh7 Bxe5 52. fxe5 g5 53. b4 Rg8 54. Rxb7 g4 55. Rb6+ Ke7 56. Rf6 1-0


[Site "https://www.chess.com"]

[Event "Titled Tuesday Blitz April 26 Early 2022"]
[White "Martin, Lewis"]
[Black "Antonio, Jorge Carlos"]
[WhiteFideId "410551"]
[BlackFideId "113190"]
[WhiteElo "2145"]
[BlackElo "2247"]
[Result "0-1"]
[Round "06"]
[TimeControl "180+1"]
[Date "2022.04.26"]
[WhiteClock "0:01:01"]
[BlackClock "0:00:51"]

1. e4 c5 2. Nf3 e6 3. d4 cxd4 4. Nxd4 Nc6 5. Nc3 Bb4 6. Ne2 Nf6 7. a3 Bxc3+ 8. Nxc3 d5 9. exd5 exd5 10. Bb5 Be6 11. O-O O-O 12. Bg5 a6 13. Ba4 h6 14. Bh4 b5 15. Bb3 d4 16. Ne4 g5 17. Nxg5 hxg5 18. Bxg5 Bxb3 19. cxb3 Qd6 20. Qf3 Nh7 21. Bf4 Qd7 22. Rac1 Ne7 23. Rc7 Qe6 24. Qg3+ Ng6 25. Rfc1 Nf6 26. h4 Qf5 27. Bg5 Ne4 28. Qd3 Qxf2+ 29. Kh2 Nxg5 30. hxg5 Kg7 0-1


[Site "https://www.chess.com"]

[Event "Titled Tuesday Blitz April 26 Early 2022"]
[White "Martinez Alcantara, Jose Eduardo"]
[Black "Darini, Pouria"]
[WhiteFideId "3805662"]
[BlackFideId "12502200"]
[WhiteElo "2690"]
[BlackElo "2489"]
[Result "1-0"]
[Round "06"]
[TimeControl "180+1"]
[Date "2022.04.26"]
[WhiteClock "0:00:26"]
[BlackClock "0:00:05"]

1. e4 c5 2. Nf3 d6 3. c3 Nf6 4. h3 Nbd7 5. Bd3 b6 6. Bc2 Bb7 7. Qe2 Rc8 8. O-O Qc7 9. Na3 e5 10. d4 cxd4 11. cxd4 Be7 12. Bd2 O-O 13. Rac1 Qb8 14. Rfe1 a6 15. Nc4 Rfe8 16. d5 Bf8 17. Be3 a5 18. Bd3 Ba6 19. Ncd2 Bxd3 20. Qxd3 Nc5 21. Bxc5 Rxc5 22. Rxc5 bxc5 23. Nc4 a4 24. Qc2 Qb5 25. Rb1 Ra8 26. Nfd2 g6 27. b3 a3 28. Re1 Qb4 29. Re2 h5 30. g3 Ra6 31. Kg2 Bh6 32. Nf3 Nd7 33. Ne1 Qb8 34. Nd3 Nb6 35. h4 Nxc4 36. Qxc4 Ra5 37. Rc2 Kg7 38. Qc3 Ra7 39. f4 f6 40. Rf2 Rf7 41. fxe5 fxe5 42. Rxf7+ Kxf7 43. Qa5 Be3 44. Ne1 Qc8 45. Nf3 Qg4 46. Qc7+ Kg8 47. Qxd6 Qxe4 48. Qe6+ Kg7 49. Qxe5+ Qxe5 50. Nxe5 Bd4 51. Nc4 Bb2 52. Kf3 Kf6 53. Ke4 Bc3 54. Nxa3 Be1 55. Kf4 Bd2+ 56. Kf3 Bb4 57. Nc4 Bc3 58. a4 Ke7 59. Kf4 Kf6 60. a5 1-0


[Site "https://www.chess.com"]

[Event "Titled Tuesday Blitz April 26 Early 2022"]
[White "Matveeva, Olga"]
[Black "Schekachikhin, Maksim"]
[WhiteFideId "24107018"]
[BlackFideId "24177830"]
[WhiteElo "2083"]
[BlackElo "2230"]
[Result "1-0"]
[Round "06"]
[TimeControl "180+1"]
[Date "2022.04.26"]
[WhiteClock "0:00:15"]
[BlackClock "0:00:03"]

1. d4 Nf6 2. c4 g6 3. g3 Bg7 4. Bg2 O-O 5. Nf3 d6 6. O-O Bf5 7. Nc3 Nc6 8. d5 Nb8 9. Nh4 Bd7 10. e4 a5 11. Be3 Na6 12. f4 c6 13. Rc1 cxd5 14. cxd5 b5 15. Bd4 b4 16. Na4 Rb8 17. Kh1 Ng4 18. Bxg7 Kxg7 19. Qd4+ f6 20. b3 Bxa4 21. bxa4 Nc5 22. Bf3 Qd7 23. h3 Nh6 24. Kh2 Qxa4 25. Rf2 b3 26. Qxa4 Nxa4 27. axb3 Rxb3 28. Ra1 Rb4 29. Rfa2 Nc3 30. Rxa5 Nxe4 31. Ra7 Kf7 32. Re1 f5 33. Bxe4 fxe4 34. Nf3 Nf5 35. Ng5+ Kg8 36. Ne6 Rc8 37. Re2 h5 38. g4 hxg4 39. hxg4 Nd4 40. Nxd4 Rxd4 41. Rxe7 Rcc4 42. Rd7 Rxd5 43. Kg3 Rd3+ 44. Kh4 e3 45. Kg5 Kf8 46. Kxg6 Rxf4 47. Rd8+ Ke7 48. Ra8 Rxg4+ 49. Kf5 Rg1 50. Ra7+ Kd8 51. Ke6 Rg6+ 52. Kf5 Rg1 53. Rh2 Rg8 54. Rhh7 Rc3 55. Ke6 e2 56. Ra8+ Rc8 57. Rd7+ Ke8 58. Rxc8# 1-0


[Site "https://www.chess.com"]

[Event "Titled Tuesday Blitz April 26 Early 2022"]
[White "Melikhov, Evgeny V."]
[Black "Dwilewicz, Katarzyna"]
[WhiteFideId "4122046"]
[BlackFideId "1148486"]
[WhiteElo "1931"]
[BlackElo "1907"]
[Result "1-0"]
[Round "06"]
[TimeControl "180+1"]
[Date "2022.04.26"]
[WhiteClock "0:00:15"]
[BlackClock "0:00:04"]

1. d4 d5 2. c4 e6 3. Nc3 Bb4 4. cxd5 exd5 5. Bf4 Nf6 6. e3 O-O 7. Bd3 c5 8. dxc5 Nc6 9. Ne2 Bxc5 10. O-O d4 11. exd4 Nxd4 12. Nxd4 Bxd4 13. Nb5 Bb6 14. Be2 a6 15. Qxd8 Rxd8 16. Nc7 Bxc7 17. Bxc7 Rd7 18. Rad1 b5 19. Bf3 Ra7 20. Bb8 Rxd1 21. Rxd1 Rd7 22. Rxd7 Nxd7 23. Bd6 Nb6 24. b3 f6 25. Bc7 Nd7 26. Bd5+ Kf8 27. Bd6+ Ke8 28. f4 Nb6 29. Bg8 h6 30. Kf2 Kd7 31. Bf8 g5 32. Bxh6 g4 33. h4 gxh3 34. gxh3 Kc6 35. h4 Nd5 36. Kf3 Nb4 37. Bg7 Nxa2 38. h5 Nc1 39. h6 Bf5 40. Bxf6 a5 41. Ke3 b4 42. Kd4 Kb5 43. Ke5 Bg6 44. f5 Nd3+ 45. Ke4 Nc5+ 46. Kf4 Nd3+ 47. Kg5 Bxf5 48. Kxf5 a4 49. bxa4+ Kxa4 50. h7 b3 51. h8=Q b2 52. Bxb2 1-0


[Site "https://www.chess.com"]

[Event "Titled Tuesday Blitz April 26 Early 2022"]
[White "Migot, Tangi"]
[Black "Fernandez Siles, Luis"]
[WhiteFideId "662445"]
[BlackFideId "2209420"]
[WhiteElo "2539"]
[BlackElo "2212"]
[Result "1-0"]
[Round "06"]
[TimeControl "180+1"]
[Date "2022.04.26"]
[WhiteClock "0:00:39"]
[BlackClock "0:00:01"]

1. e4 c5 2. Nf3 Nc6 3. d4 cxd4 4. Nxd4 Nf6 5. Nc3 e5 6. Ndb5 d6 7. Bg5 a6 8. Na3 b5 9. Nd5 Be7 10. Bxf6 Bxf6 11. c4 b4 12. Nc2 a5 13. Qf3 Bg5 14. h4 Bh6 15. g4 Bf4 16. Nxf4 exf4 17. Qxf4 Ne5 18. Be2 Be6 19. Ne3 Qb6 20. Rd1 O-O 21. Qg3 Rac8 22. b3 Nd7 23. Qxd6 Rc6 24. Qd4 Nc5 25. Nd5 Qd8 26. g5 Kh8 27. f4 f5 28. e5 Bc8 29. Bf3 Ne6 30. Qe3 Rc5 31. Nxb4 Qb6 32. Nd5 Qa7 33. O-O Qf7 34. a3 Bb7 35. Rc1 h6 36. b4 axb4 37. axb4 Rcc8 38. b5 g6 39. c5 hxg5 40. hxg5 Qh7 41. Kg2 Qh4 42. Rh1 Nxf4+ 43. Qxf4 1-0


[Site "https://www.chess.com"]

[Event "Titled Tuesday Blitz April 26 Early 2022"]
[White "Minko, Dmitry"]
[Black "Sharapov, Evgeny"]
[WhiteFideId "24188468"]
[BlackFideId "14103133"]
[WhiteElo "1928"]
[BlackElo "2367"]
[Result "0-1"]
[Round "06"]
[TimeControl "180+1"]
[Date "2022.04.26"]
[WhiteClock "0:00:05"]
[BlackClock "0:01:04"]

1. e4 c5 2. Nf3 d6 3. d4 cxd4 4. Nxd4 Nf6 5. Nc3 Nc6 6. Bg5 e6 7. Qd2 Be7 8. O-O-O O-O 9. Nxc6 bxc6 10. Bxf6 Bxf6 11. Qxd6 Qb6 12. e5 Rd8 13. exf6 Rxd6 14. Rxd6 gxf6 15. Bc4 Bb7 16. Rhd1 Qxf2 17. Rd8+ Rxd8 18. Rxd8+ Kg7 19. b3 Qxg2 20. Rd7 Bc8 21. Rc7 Qh3 22. Kb2 e5 23. Rxf7+ Kg6 24. Ne4 Bf5 25. Ng3 Be6 26. Bxe6 Qxe6 27. Rxa7 e4 28. h4 e3 29. Ne2 Qe5+ 30. c3 Qh2 0-1


[Site "https://www.chess.com"]

[Event "Titled Tuesday Blitz April 26 Early 2022"]
[White "Mirzoev, Azer"]
[Black "Oparin, Grigoriy"]
[WhiteFideId "13400304"]
[BlackFideId "24125890"]
[WhiteElo "2525"]
[BlackElo "2665"]
[Result "0-1"]
[Round "06"]
[TimeControl "180+1"]
[Date "2022.04.26"]
[WhiteClock "0:00:03"]
[BlackClock "0:00:14"]

1. d4 Nf6 2. Nf3 c6 3. Bf4 g6 4. e3 Bg7 5. Nbd2 O-O 6. h3 d6 7. Bh2 Nbd7 8. Be2 b5 9. O-O Bb7 10. c3 a5 11. a4 b4 12. Qc2 c5 13. Bb5 Qb6 14. cxb4 axb4 15. Rfc1 Rfc8 16. Qb3 Bd5 17. Bc4 Bxc4 18. Nxc4 Qb7 19. Ncd2 Ra6 20. Ng5 Rf8 21. Qc4 d5 22. Qb5 Rb6 23. Qe2 c4 24. Ngf3 Ra6 25. Ne5 Rfa8 26. b3 c3 27. Ndf3 Ne4 28. Ra2 Nxe5 29. Bxe5 f6 30. Bh2 e6 31. Qd3 Rc6 32. Ne1 Bf8 33. Qc2 Qa6 34. Nd3 Nd2 35. Nf4 Rac8 36. Bg3 Bd6 37. Bh2 Kf7 38. g4 g5 39. Nh5 Nf3+ 40. Kg2 Nxh2 41. Qxh7+ Kf8 42. Qh8+ Ke7 43. Qg7+ Kd8 44. Nxf6 Be7 45. Ng8 Qa7 46. Nh6 c2 47. Raxc2 Rxc2 48. Rxc2 Rxc2 49. Qg8+ Kc7 50. Qxe6 Bd6 51. Nf5 Qb6 52. Qf7+ Kb8 53. Qe8+ Kb7 54. Qf7+ Bc7 55. Qxd5+ Qc6 0-1


[Site "https://www.chess.com"]

[Event "Titled Tuesday Blitz April 26 Early 2022"]
[White "Miszler, Levente"]
[Black "Castellanos Hernandez, Emilio Au"]
[WhiteFideId "763276"]
[BlackFideId "5114179"]
[WhiteElo "1966"]
[BlackElo "2021"]
[Result "1-0"]
[Round "06"]
[TimeControl "180+1"]
[Date "2022.04.26"]
[WhiteClock "0:00:46"]
[BlackClock "0:01:52"]

1. Nf3 Nf6 2. c4 c5 3. g3 Nc6 4. Bg2 g6 5. O-O Bg7 6. Nc3 e5 7. d3 O-O 8. a3 d5 9. cxd5 Nxd5 10. Nxd5 Qxd5 11. Be3 b6 12. Nd4 Qxg2+ 13. Kxg2 exd4 14. Bf4 Bb7 15. Kg1 Ne7 16. b4 Rac8 17. bxc5 bxc5 18. Bd6 Rfe8 19. Bxe7 Rxe7 20. Rb1 Rce8 21. Qa4 Bd5 22. Rfe1 Bf8 23. Rb2 Kg7 24. Qc2 Re5 25. f4 Re3 26. Kf2 h5 27. Qa4 h4 28. Qxa7 hxg3+ 29. hxg3 g5 30. Qd7 Ba8 31. Qf5 R8e6 32. Rb8 Bf3 33. Qxg5+ Rg6 34. Qd8 1-0


[Site "https://www.chess.com"]

[Event "Titled Tuesday Blitz April 26 Early 2022"]
[White "Mohammadian, Mohammad"]
[Black "Mihailidis, Anastasios"]
[WhiteFideId "12566055"]
[BlackFideId "4205588"]
[WhiteElo "1544"]
[BlackElo "2312"]
[Result "1-0"]
[Round "06"]
[TimeControl "180+1"]
[Date "2022.04.26"]
[WhiteClock "0:01:12"]
[BlackClock "0:00:02"]

1. e4 c5 2. Nf3 d6 3. d4 cxd4 4. Nxd4 Nf6 5. Nc3 g6 6. Be2 Bg7 7. Be3 O-O 8. Qd2 Nc6 9. O-O-O Ng4 10. Bxg4 Bxg4 11. f3 Bd7 12. Nxc6 Bxc6 13. Bh6 b5 14. Bxg7 Kxg7 15. a3 a5 16. h4 b4 17. Nb1 bxa3 18. Nxa3 h6 19. g4 Rb8 20. h5 g5 21. f4 f6 22. fxg5 fxg5 23. Qd4+ Kh7 24. Rhf1 Rxf1 25. Rxf1 Qg8 26. e5 dxe5 27. Qxe5 e6 28. Qc7+ Kh8 29. Qxc6 Qg7 30. c3 Qe5 31. Qf3 Qg7 32. Qf6 Rb7 33. Qxg7+ Kxg7 34. Re1 Kf6 35. Nc4 Rd7 36. Nxa5 Rd3 37. Kc2 Rg3 38. Re4 Rg2+ 39. Kb3 Ke7 40. Nc4 Kd7 41. Ne5+ Kd6 42. Ng6 Kd5 43. Rd4+ 1-0


[Site "https://www.chess.com"]

[Event "Titled Tuesday Blitz April 26 Early 2022"]
[White "Moiseenko, Alexander"]
[Black "Stevens, Christian"]
[WhiteFideId "14102560"]
[BlackFideId "2604450"]
[WhiteElo "2793"]
[BlackElo "2536"]
[Result "1-0"]
[Round "06"]
[TimeControl "180+1"]
[Date "2022.04.26"]
[WhiteClock "0:00:21"]
[BlackClock "0:00:00"]

1. d4 Nf6 2. Bg5 Ne4 3. Bf4 d5 4. f3 Nf6 5. e4 e6 6. e5 Nfd7 7. Be3 c5 8. c3 Nc6 9. f4 Qb6 10. Qd2 Na5 11. Nf3 Nc4 12. Bxc4 dxc4 13. O-O Qc6 14. f5 Nb6 15. dxc5 Nd5 16. f6 Bxc5 17. Bxc5 Qxc5+ 18. Kh1 gxf6 19. exf6 Bd7 20. Ne5 Rg8 21. Na3 b5 22. Rae1 Bc6 23. Qf2 Qxf2 24. Rxf2 Bd7 25. Nc2 a6 26. Ne3 Nxe3 27. Rxe3 Bc8 28. Rd2 Bb7 29. Kg1 Bd5 30. Rg3 Rxg3 31. hxg3 Rd8 32. Rd4 Kf8 33. Rh4 Rd6 34. Rxh7 Kg8 35. Rg7+ 1-0


[Site "https://www.chess.com"]

[Event "Titled Tuesday Blitz April 26 Early 2022"]
[White "Moskalenko, Alexander"]
[Black "Kozak, Antoni"]
[WhiteFideId "4155351"]
[BlackFideId "21832030"]
[WhiteElo "2434"]
[BlackElo "2236"]
[Result "1-0"]
[Round "06"]
[TimeControl "180+1"]
[Date "2022.04.26"]
[WhiteClock "0:00:52"]
[BlackClock "0:00:01"]

1. e4 c5 2. Nf3 d6 3. d4 cxd4 4. Nxd4 Nf6 5. Nc3 a6 6. h3 e5 7. Nde2 b5 8. g3 Bb7 9. Bg2 Nbd7 10. O-O Be7 11. g4 b4 12. Nd5 Nxd5 13. exd5 O-O 14. a3 bxa3 15. Rxa3 a5 16. c4 Bg5 17. Nc3 Nc5 18. Na4 Nxa4 19. Rxa4 Bxc1 20. Qxc1 Qb6 21. Qc3 f5 22. b4 axb4 23. Qxb4 Qc7 24. Rxa8 Bxa8 25. Rc1 fxg4 26. hxg4 Qf7 27. Qd2 Bb7 28. c5 dxc5 29. Rxc5 h6 30. Qe3 Qf6 31. Be4 Qh4 32. Qg3 Qg5 33. Rc7 Ba6 34. d6 Qd2 35. d7 Qe1+ 36. Kh2 Rxf2+ 37. Bg2 Rxg2+ 38. Kxg2 Bf1+ 39. Kh2 Qd2+ 40. Kg1 Kh7 41. Kxf1 Qd1+ 42. Kf2 Qd2+ 43. Kg1 Qd1+ 44. Kh2 Qe2+ 45. Kh3 Qf1+ 46. Qg2 Qd3+ 47. Kh2 e4 48. d8=Q Qxd8 49. Qxe4+ Kh8 50. Rc2 h5 51. Kg2 hxg4 52. Re2 Qg5 53. Rc2 1-0


[Site "https://www.chess.com"]

[Event "Titled Tuesday Blitz April 26 Early 2022"]
[White "Murthy, Pappu"]
[Black "Itkis, Boris"]
[WhiteFideId "2013401"]
[BlackFideId "1209167"]
[WhiteElo "1983"]
[BlackElo "2207"]
[Result "0-1"]
[Round "06"]
[TimeControl "180+1"]
[Date "2022.04.26"]
[WhiteClock "0:00:39"]
[BlackClock "0:00:17"]

1. c4 e5 2. Nc3 Nf6 3. g3 d5 4. cxd5 Nxd5 5. Bg2 Nb6 6. Nf3 Nc6 7. O-O Be6 8. e3 Be7 9. d4 exd4 10. Nxd4 Nxd4 11. exd4 c6 12. Re1 O-O 13. Be3 Nd5 14. Rc1 Nxe3 15. fxe3 Qb6 16. b3 Rad8 17. Rf1 Qa5 18. Qc2 Bg5 19. Rce1 Rfe8 20. Kh1 f6 21. Ne4 Bd5 22. Nxg5 Bxg2+ 23. Qxg2 Qxg5 24. Rf3 Re4 25. Re2 Rde8 26. Qf2 c5 27. dxc5 Qxc5 28. Kg2 h6 29. h3 a6 30. g4 b5 31. Qe1 Qe5 32. Qd2 h5 33. gxh5 Qxh5 34. Rg3 Kh8 35. Re1 Qe5 36. Qd7 Re7 37. Qd8+ Kh7 38. Qd3 Kh6 39. Re2 f5 40. Rf3 g6 41. Rg3 Rd4 42. Qxd4 Qxd4 43. exd4 Rxe2+ 44. Kf1 Rxa2 45. Rc3 Rd2 46. Rc6 Rxd4 47. Rxa6 Rb4 48. Rb6 Rxb3 49. Kg2 Kg5 50. Kh2 f4 51. Kg2 Rb2+ 52. Kf3 Rb3+ 53. Kf2 Kh5 54. Kg2 g5 55. Kf2 Kh4 56. Kg2 Rb2+ 57. Kf3 Rb3+ 58. Kg2 b4 59. Rb5 Rb2+ 60. Kf3 b3 61. Rb6 Kh5 62. Rb7 Rb1 63. Rh7+ Kg6 64. Rb7 b2 65. Kg2 Kf5 66. Kh2 Ke4 67. Kg2 f3+ 68. Kh2 Ke3 69. Rb4 Kf2 70. Rb3 Re1 71. h4 b1=Q 72. Rxb1 Rxb1 73. hxg5 Rg1 74. g6 Rxg6 75. Kh3 Ke3 76. Kh4 f2 77. Kh5 Rg8 78. Kh6 f1=Q 79. Kh7 Rg2 0-1


[Site "https://www.chess.com"]

[Event "Titled Tuesday Blitz April 26 Early 2022"]
[White "Myshakov, Fyodor"]
[Black "Li, Ben"]
[WhiteFideId "14111284"]
[BlackFideId "2089980"]
[WhiteElo "2510"]
[BlackElo "2784"]
[Result "1-0"]
[Round "06"]
[TimeControl "180+1"]
[Date "2022.04.26"]
[WhiteClock "0:01:17"]
[BlackClock "0:00:20"]

1. c4 e6 2. Nc3 d5 3. cxd5 exd5 4. d4 Bb4 5. Nf3 Nf6 6. Bg5 Nbd7 7. e3 c5 8. Bb5 Qa5 9. Bxd7+ Nxd7 10. O-O c4 11. Ne2 h6 12. Bh4 O-O 13. Qc2 Re8 14. Ng3 Nf8 15. Nf5 Ng6 16. Bg3 b5 17. Ne5 Qb6 18. a3 Bf8 19. e4 Qxd4 20. Nxd4 Nxe5 21. Bxe5 Rxe5 22. exd5 Rxd5 23. Rad1 Bb7 24. Rfe1 Rg5 25. f3 Bc5 26. Kh1 a6 27. b4 Bf8 28. Nf5 h5 29. Rd7 Bc6 30. Ne7+ Bxe7 31. Rdxe7 h4 32. Qd2 Rg6 33. Qf4 h3 34. Qxf7+ Kh7 35. Qxg6+ Kxg6 36. R7e6+ Kf5 37. Rxc6 hxg2+ 38. Kxg2 Rd8 39. Re2 Rd3 40. Rxa6 c3 41. Rb6 g5 42. Rxb5+ Kf6 43. Rc5 g4 44. fxg4 Kg6 45. Rc2 Kf6 46. R5xc3 Rd1 47. Rc5 Ke6 48. h4 Kd6 49. h5 Re1 50. h6 Re7 51. g5 Rh7 52. Kg3 Rh8 53. Rf2 Ke6 54. Kg4 Ke7 55. Kh5 Ra8 56. Rf3 Rd8 57. h7 Rd1 58. Rh3 Rd8 59. Kh6 Kf7 60. g6+ Kf6 61. Rf3+ Ke7 62. g7 Rd6+ 63. Kh5 Kd7 64. g8=Q Rd1 65. Rf7+ Kd6 66. Qg6# 1-0


[Site "https://www.chess.com"]

[Event "Titled Tuesday Blitz April 26 Early 2022"]
[White "Nakamura, Hikaru"]
[Black "Lazavik, Denis"]
[WhiteFideId "2016192"]
[BlackFideId "13515110"]
[WhiteElo "2850"]
[BlackElo "2437"]
[Result "1/2-1/2"]
[Round "06"]
[TimeControl "180+1"]
[Date "2022.04.26"]
[WhiteClock "0:00:30"]
[BlackClock "0:00:09"]

1. Nf3 d5 2. e3 Nf6 3. b3 c6 4. d3 Bf5 5. Nh4 Bg4 6. Nf3 Nbd7 7. h3 Bh5 8. g4 Bg6 9. Nh4 e5 10. Bb2 Bd6 11. Nd2 Qe7 12. a3 a5 13. Bg2 Nf8 14. Qe2 N6d7 15. Nf5 Bxf5 16. gxf5 Nf6 17. e4 d4 18. Nc4 N8d7 19. Nxd6+ Qxd6 20. a4 g6 21. Ba3 c5 22. Bf3 O-O-O 23. Bc1 Nb8 24. fxg6 hxg6 25. Bg5 Rde8 26. h4 Nc6 27. Rg1 Kb8 28. Kd2 Nd7 29. Kc1 f6 30. Bd2 Reg8 31. h5 gxh5 32. Rxg8+ Rxg8 33. Bxh5 Rg1+ 34. Kb2 Rxa1 35. Kxa1 c4 36. Bc1 cxb3 37. cxb3 Nb4 38. Bf7 Nc5 39. Bc4 Qc6 40. Kb1 Qd7 41. Bd2 Nc6 42. Qf3 Qd6 43. Qg3 Nd7 44. Qg8+ Ka7 45. Qd5 Qc7 46. Qf7 Qd6 47. Bd5 Nb4 48. Bc4 Nb6 49. f3 Nxc4 50. Qxc4 Nc6 51. Qb5 b6 52. Qc4 Kb7 53. Kc1 Qd7 54. f4 f5 55. Qd5 Qxd5 56. exd5 Ne7 57. fxe5 Nxd5 58. Be1 Kc6 59. Bf2 Nf4 60. Kc2 Ne6 61. Bh4 Kd5 62. Bf6 f4 63. Kd2 Nc5 64. Bd8 Nd7 65. Bc7 Kc6 66. Bd6 Kd5 67. Bc7 Kc6 68. Bd6 Kd5 69. Bc7 1/2-1/2


[Site "https://www.chess.com"]

[Event "Titled Tuesday Blitz April 26 Early 2022"]
[White "Nazari, Arad"]
[Black "Sanchez Alvares, Kelvin Antonio"]
[WhiteFideId "12577324"]
[BlackFideId "3906680"]
[WhiteElo "2129"]
[BlackElo "2193"]
[Result "1-0"]
[Round "06"]
[TimeControl "180+1"]
[Date "2022.04.26"]
[WhiteClock "0:00:12"]
[BlackClock "0:00:03"]

1. e4 c5 2. Nf3 e6 3. d4 cxd4 4. c3 dxc3 5. Nxc3 a6 6. Bc4 b5 7. Bb3 Bb7 8. O-O d6 9. Qe2 Nd7 10. Bf4 Ngf6 11. Rfd1 b4 12. e5 bxc3 13. exf6 cxb2 14. Qxb2 Qxf6 15. Qd2 Bxf3 16. gxf3 e5 17. Bg5 Qg6 18. Bc2 f5 19. Kh1 Be7 20. Rg1 Qf7 21. Bb3 Qh5 22. Bxe7 Qxf3+ 23. Rg2 Kxe7 24. Bd5 e4 25. Qg5+ Ke8 26. Qxg7 Rf8 27. Bxa8 Ne5 28. Rc1 Rf7 29. Qg8+ Kd7 30. Bd5 Re7 31. Qc8# 1-0


[Site "https://www.chess.com"]

[Event "Titled Tuesday Blitz April 26 Early 2022"]
[White "Nguyen, Hong Anh"]
[Black "Vasquez Schroeder, Rodrigo"]
[WhiteFideId "12406732"]
[BlackFideId "3400042"]
[WhiteElo "2016"]
[BlackElo "2561"]
[Result "0-1"]
[Round "06"]
[TimeControl "180+1"]
[Date "2022.04.26"]
[WhiteClock "0:01:40"]
[BlackClock "0:02:24"]

1. d4 d5 2. c4 c6 3. Nf3 Nf6 4. Qc2 dxc4 5. Qxc4 Bg4 6. Nbd2 Nbd7 7. g3 e6 8. Bg2 Bh5 9. O-O Be7 10. Re1 O-O 11. e4 Rc8 12. Qb3 b5 13. a4 b4 14. Nc4 c5 15. Bf4 Bxf3 16. Bxf3 cxd4 17. Nd6 Nc5 18. Qd1 Bxd6 19. e5 Be7 20. exf6 Bxf6 21. Rc1 d3 22. Rc4 Bxb2 23. Be5 Bxe5 24. Rxe5 Qd6 25. Re3 a5 0-1


[Site "https://www.chess.com"]

[Event "Titled Tuesday Blitz April 26 Early 2022"]
[White "Ning, Kaiyu"]
[Black "Avalos Parra, Joao"]
[WhiteFideId "8614750"]
[BlackFideId "3402541"]
[WhiteElo "2705"]
[BlackElo "2466"]
[Result "1-0"]
[Round "06"]
[TimeControl "180+1"]
[Date "2022.04.26"]
[WhiteClock "0:00:46"]
[BlackClock "0:00:23"]

1. d4 d5 2. c4 c6 3. Nf3 Nf6 4. e3 e6 5. Nc3 Nbd7 6. Qc2 Bd6 7. Be2 O-O 8. O-O b6 9. e4 dxe4 10. Nxe4 Nxe4 11. Qxe4 Bb7 12. Rd1 Qe7 13. Bd3 f5 14. Qe2 e5 15. Bg5 Qe8 16. dxe5 Nxe5 17. Nxe5 Qxe5 18. Qxe5 Bxe5 19. c5 h6 20. Bc4+ Kh7 21. Be7 Rfe8 22. Bd6 Bf6 23. Rd2 Rad8 24. Rad1 bxc5 25. g3 Re4 26. Bd3 Rxd6 27. Bxe4 Rxd2 28. Bxf5+ g6 29. Rxd2 gxf5 30. Rd7+ 1-0


[Site "https://www.chess.com"]

[Event "Titled Tuesday Blitz April 26 Early 2022"]
[White "Nozdrachev, Leonid"]
[Black "Rottenwohrer Suarez, Juan"]
[WhiteFideId "24113433"]
[BlackFideId "32068182"]
[WhiteElo "2242"]
[BlackElo "2158"]
[Result "1-0"]
[Round "06"]
[TimeControl "180+1"]
[Date "2022.04.26"]
[WhiteClock "0:00:51"]
[BlackClock "0:00:04"]

1. e4 g6 2. f4 c5 3. Bc4 Nc6 4. d3 Bg7 5. Nf3 e6 6. f5 d5 7. Bb3 dxe4 8. fxe6 Bxe6 9. Bxe6 fxe6 10. dxe4 Qxd1+ 11. Kxd1 Rd8+ 12. Ke2 Nb4 13. Na3 Nf6 14. Bg5 h6 15. Bxf6 Bxf6 16. e5 Bg7 17. Rad1 Ke7 18. c3 Nc6 19. Nc4 g5 20. h3 b5 21. Nd6 Nxe5 22. Nxe5 Bxe5 23. Nxb5 Rb8 24. Nxa7 Rxb2+ 25. Kd3 Rd8+ 26. Kc4 Rxd1 27. Rxd1 Rxg2 28. Nc6+ Kf6 29. Nxe5 Kxe5 30. Ra1 Kd6 31. a4 Rb2 32. a5 Rb7 33. a6 Ra7 34. Kb5 Kc7 35. Rf1 Ra8 36. Rf6 Re8 37. Kxc5 Kb8 38. Rxh6 Ka7 39. Kb5 Rb8+ 40. Ka5 Rb1 41. Rh7+ Kb8 42. c4 Ra1+ 43. Kb6 Rb1+ 44. Kc6 Ra1 45. a7+ Ka8 46. c5 Rc1 47. Kd6 e5 48. c6 e4 49. c7 e3 50. Rh8+ Kxa7 51. c8=Q Rxc8 52. Rxc8 e2 53. Re8 1-0


[Site "https://www.chess.com"]

[Event "Titled Tuesday Blitz April 26 Early 2022"]
[White "Nurmanova, Alua"]
[Black "Pham, Tran Gia Phuc"]
[WhiteFideId "13729390"]
[BlackFideId "12415669"]
[WhiteElo "1905"]
[BlackElo "1789"]
[Result "1-0"]
[Round "06"]
[TimeControl "180+1"]
[Date "2022.04.26"]
[WhiteClock "0:00:39"]
[BlackClock "0:00:01"]

1. e4 c5 2. Nf3 Nc6 3. d4 cxd4 4. Nxd4 Nf6 5. Nc3 e5 6. Ndb5 d6 7. Bg5 a6 8. Na3 b5 9. Bxf6 gxf6 10. Nd5 f5 11. Bd3 Be6 12. O-O Bg7 13. Qh5 f4 14. c4 b4 15. Nc2 a5 16. g3 fxg3 17. fxg3 O-O 18. Nce3 Nd4 19. Nf5 Bxf5 20. exf5 Bf6 21. Be4 Kh8 22. h4 Rc8 23. b3 Rc5 24. Kh2 a4 25. Rab1 axb3 26. axb3 Ra5 27. Rf2 Rg8 28. Qxf7 Rf8 29. Qh5 Ra7 30. Kh3 Rg7 31. g4 Rfg8 32. Rg2 Rg5 33. hxg5 Rxg5 34. Qh6 1-0


[Site "https://www.chess.com"]

[Event "Titled Tuesday Blitz April 26 Early 2022"]
[White "Odegov, Artem"]
[Black "Kim, Sergey"]
[WhiteFideId "34183644"]
[BlackFideId "13700570"]
[WhiteElo "2286"]
[BlackElo "2540"]
[Result "0-1"]
[Round "06"]
[TimeControl "180+1"]
[Date "2022.04.26"]
[WhiteClock "0:00:36"]
[BlackClock "0:01:50"]

1. d4 Nf6 2. c4 g6 3. Nc3 Bg7 4. e4 d6 5. h3 O-O 6. Be3 e5 7. d5 a5 8. Bd3 Na6 9. Nge2 Nc5 10. Bc2 Nh5 11. g4 Nf6 12. Qd2 Bd7 13. f3 a4 14. h4 c6 15. h5 cxd5 16. cxd5 Rc8 17. Bh6 Qe7 18. Ng3 Ne8 19. Nce2 Bxh6 20. Qxh6 g5 21. Rg1 f6 22. Kf2 b5 23. Raf1 b4 24. Kg2 b3 25. axb3 Nxb3 26. Bxb3 axb3 27. Rc1 Ng7 28. Rc3 Bb5 29. Rgc1 Rxc3 30. Nxc3 Bd3 31. Ra1 Qb7 32. Kh3 Qb6 33. Kg2 Qe3 34. Ra7 Qxa7 0-1


[Site "https://www.chess.com"]

[Event "Titled Tuesday Blitz April 26 Early 2022"]
[White "Omariev, Maksim"]
[Black "Okike, David"]
[WhiteFideId "4193423"]
[BlackFideId "8500134"]
[WhiteElo "2498"]
[BlackElo "2232"]
[Result "0-1"]
[Round "06"]
[TimeControl "180+1"]
[Date "2022.04.26"]
[WhiteClock "0:00:01"]
[BlackClock "0:00:39"]

1. g4 d5 2. Bg2 c6 3. h3 e5 4. d4 e4 5. c4 Bd6 6. Nc3 Be6 7. cxd5 cxd5 8. Qb3 Qd7 9. Bd2 Ne7 10. Nb5 Bc7 11. Nxc7+ Qxc7 12. e3 O-O 13. Ne2 g5 14. h4 h6 15. hxg5 hxg5 16. Rh5 f6 17. Bxe4 Bxg4 18. Bxd5+ Kg7 19. Rh1 Nxd5 20. Qxd5 Nc6 21. Bc3 Ne7 22. Qg2 Qc6 23. e4 Bxe2 24. Kxe2 Ng6 25. Ke3 Rae8 26. f3 Nf4 27. Qh2 Rh8 28. Qc2 Nd5+ 29. Kf2 Nf4 30. d5 Qb6+ 31. Kg3 Qd6 32. Kf2 Nh3+ 33. Ke2 Qg3 34. Ke3 Nf4 35. Qf2 Nxd5+ 36. Ke2 Nxc3+ 37. bxc3 Qc7 38. Qe3 Rc8 39. Rxh8 Qc4+ 0-1


[Site "https://www.chess.com"]